 Dungeon Crawl Stone Soup version 0.19.4-9-g45fd643 (webtiles) character file.

2906 vatarom the Destroyer (level 9, -5/74 HPs)
             Began as a Purple Draconian Fire Elementalist on Feb 18, 2017.
             Was an Initiate of Vehumet.
             Slain by a killer bee (6 damage)
             ... on level 7 of the Dungeon.
             The game lasted 00:17:57 (7565 turns).

vatarom the Destroyer (DrFE)                        Turns: 7565, Time: 00:17:58

Health: -5/74      AC:  7    Str: 10    XL:     9   Next: 49%
Magic:  19/20      EV: 12    Int: 19    God:    Vehumet [......]
Gold:   111        SH:  0    Dex: 14    Spells: 6 memorised, 5 levels left

rFire  . . .     SeeInvis .     b - +2 dagger of the Heavens {venom, Dex+2}
rCold  . . .     Gourm    .     (armour unavailable)
rNeg   . . .     Faith    .     (no shield)
rPois  .         Spirit   .     (helmet restricted)
rElec  .         Reflect  .     (no cloak)
rCorr  .         Harm     .     (no gloves)
MR     +....                    (no boots)
Stlth  ++........               (no amulet)
                                (no ring)
                                (no ring)

@: lethally poisoned (-5 -> -10), short of breath
A: breathe power, unfitting armour, mutation resistance 1, cold-blooded, AC +7
a: Breathe Dispelling Energy, Renounce Religion


You were on level 7 of the Dungeon.
You worshipped Vehumet.
Vehumet was noncommittal.
You were full.

You visited 2 branches of the dungeon, and saw 8 of its levels.
You also visited: Sewer.

You collected 423 gold pieces.
You spent 312 gold pieces at shops.

Inventory:

Hand Weapons
 b - the +2 dagger of the Heavens (weapon) {venom, Dex+2}
   (You found it on level 7 of the Dungeon)

   It poisons the flesh of those it strikes.
   It affects your dexterity (+2).
Wands
 j - a wand of flame (30/48)
 k - a wand of iceblast (8/15)
 o - a wand of hasting (4/9)
 s - a wand of confusion (22/48)
 t - a wand of iceblast (8/15)
Scrolls
 c - a scroll of teleportation
 h - a scroll of fog
 l - a scroll of identify
 p - a scroll of remove curse
 q - 2 scrolls of blinking
 r - 2 scrolls of amnesia
Potions
 g - a potion of cure mutation
 n - a potion of invisibility
Books
 a - a book of Flames

   Spells                             Type                      Level
   a - Flame Tongue                   Conjuration/Fire             1
   b - Throw Flame                    Conjuration/Fire             2
   c - Conjure Flame                  Conjuration/Fire             3
   d - Inner Flame                    Hexes/Fire                   3
   e - Sticky Flame                   Conjuration/Fire             4
   f - Fireball                       Conjuration/Fire             5
 e - a book of Misfortune

   Spells                             Type                      Level
   a - Confusing Touch                Hexes                        1
   b - Confuse                        Hexes                        3
   c - Gell's Gravitas                Hexes/Translocation          3
   d - Petrify                        Transmutation/Earth          4
   e - Metabolic Englaciation         Hexes/Ice                    5
   f - Yara's Violent Unravelling     Hexes/Transmutation          5
Comestibles
 f - 2 meat rations


   Skills:
 - Level 5.0 Fighting
 - Level 1.7 Dodging
 - Level 1.7 Stealth
 - Level 7.8 Spellcasting
 + Level 8.1 Conjurations
 + Level 7.0 Fire Magic


You had 5 spell levels left.
You knew the following spells:

 Your Spells              Type           Power        Failure   Level  Hunger
a - Flame Tongue          Conj/Fire      #####        1%          1    None
b - Throw Flame           Conj/Fire      #####.       1%          2    None
c - Conjure Flame         Conj/Fire      #####...     1%          3    #......
d - Sticky Flame          Conj/Fire      #####...     4%          4    ###....
e - Inner Flame           Hex/Fire       ###.....     10%         3    #......
f - Fireball              Conj/Fire      #####.....   12%         5    #####..


Dungeon Overview and Level Annotations

Branches:
Dungeon (7/15)             Temple (1/1) D:7

Altars:
Ashenzari
Cheibriados
Dithmenos
Elyvilon
Fedhas
Gozag
Hepliaklqana
Makhleb
Nemelex Xobeh
Okawaru
Qazlal
Ru
Sif Muna
Trog
Uskayaw
Vehumet
Xom
Yredelemnul
Zin
The Shining One

Shops:
D:4 [   D:5 *

Annotations:
D:2 Sigmund
D:7 4 runed doors


Innate Abilities, Weirdness & Mutations

You can breathe bolts of dispelling energy.
Your rich purple scales are hard. (AC +7)
You cannot fit into any form of body armour.
You are cold-blooded and may be slowed by cold attacks.
You are somewhat resistant to further mutation.


Message History

The killer bee poisons you! The killer bee misses you.
Casting: Flame Tongue
Confirm with . or Enter, or press ? or * to list all spells.
Aiming: Flame Tongue
Press: ? - help, Shift-Dir - straight line, f - killer bee
Aim: a killer bee The flame tongue hits the killer bee.
The killer bee is heavily wounded.
You feel sick. The killer bee barely misses you.
The killer bee completely misses you.
As you read the scroll of fear, it crumbles to dust.
You assume a fearsome visage.
The killer bee looks frightened! x4
You feel sick.
Cornered, the killer bee turns to fight!
You closely miss the killer bee.
Your tail-slap misses the killer bee.
The killer bee is heavily wounded.
You feel sick. The killer bee stings you!
* * * LOW HITPOINT WARNING * * *
The killer bee stings you.
You die...

#...+##+## ....+ #.
....# .## ...)# y.
....# #. #####
###'### ## ##.....#
.## .#.....#########
..###.+.._yy'..y@...#
......#.....#######.#
..#...#.....#
.##...###'###
##.........#
#.......)..#
#..........#
#..........########
#.####.##.........#


You could see 3 killer bees.

Vanquished Creatures
  Pikel (D:6)
  The ghost of JNO the Changer, a novice HuTm (D:4)
  Eustachio (D:6)
  A hungry ghost (D:7)
  Duvessa (D:6)
  3 centaurs
  3 ogres
  A bullfrog (D:6)
  Dowan (D:6)
  A scorpion (D:5)
  6 killer bees (D:7)
  2 crimson imps (D:5)
  2 bullfrog skeletons
  3 hounds
  3 orc priests
  A jelly (D:5)
  3 orc wizards
  3 worker ants
  A hound skeleton (D:4)
  6 gnolls
  17 adders
  3 shadow imps
  An ooze (D:3)
  4 worms
  2 dart slugs
  4 leopard geckos
  28 orcs
  6 ball pythons
  14 giant cockroaches
  4 goblins
  9 hobgoblins
  4 jackals (D:3)
  A quokka (D:5)
  A ball python skeleton (D:5)
  2 bats
  11 frilled lizards
  11 kobolds
  A leopard gecko skeleton (D:4)
  A leopard gecko zombie (D:5)
  A quokka skeleton (D:5)
  7 rats
176 creatures vanquished.

Vanquished Creatures (others)
  A slave (D:6)
  A shadow imp (D:6)
  An orc (D:6)
3 creatures vanquished.

Grand Total: 179 creatures vanquished

Notes
Turn   | Place    | Note
-------+----------+-------------------------------------------
     0 | D:1      | vatarom the Draconian Fire Elementalist began the quest for the Orb.
     0 | D:1      | Reached XP level 1. HP: 14/14 MP: 3/3
    65 | D:1      | Reached skill level 1 in Fighting
   471 | D:1      | Reached XP level 2. HP: 24/24 MP: 3/5
   475 | D:1      | Learned a level 2 spell: Throw Flame
  1020 | D:2      | Reached XP level 3. HP: 25/30 MP: 2/6
  1652 | D:2      | Reached XP level 4. HP: 40/40 MP: 5/7
  1719 | D:2      | Learned a level 3 spell: Conjure Flame
  1759 | D:2      | Noticed Sigmund
  1886 | D:3      | Found a faded altar of an unknown god.
  1966 | D:3      | Reached skill level 5 in Fighting
  2061 | D:3      | Reached XP level 5. HP: 28/48 MP: 0/8
  2729 | D:3      | Reached skill level 2 in Conjurations
  2731 | D:3      | Found an iron altar of Okawaru.
  2896 | D:3      | Reached XP level 6. HP: 42/56 MP: 9/9
  2914 | D:3      | Found a stormy altar of Qazlal.
  3165 | D:4      | Found Zyn Jira's Antique Armour Shop.
  3249 | D:4      | Found a sacrificial altar of Ru.
  3343 | D:4      | Found a white marble altar of Elyvilon.
  3397 | D:4      | Reached skill level 5 in Fire Magic
  3528 | D:4      | Noticed JNO's ghost (novice HuTm)
  3578 | D:4      | Killed JNO's ghost
  3578 | D:4      | Reached skill level 3 in Conjurations
  3578 | D:4      | Your scales start taking on a rich purple colour.
  3578 | D:4      | Reached XP level 7. HP: 30/61 MP: 10/10
  3616 | D:4      | Found a glowing drain.
  3631 | Sewer    | Entered a sewer
  3758 | Sewer    | Learned a level 4 spell: Sticky Flame
  4054 | D:4      | Reached skill level 4 in Conjurations
  4436 | D:4      | Reached skill level 5 in Conjurations
  4541 | D:5      | Entered Level 5 of the Dungeon
  4541 | D:5      | Found Gagean's Assorted Antiques.
  4622 | D:4      | Noticed a moth of wrath
  4625 | D:4      | Found a bloodstained altar of Trog.
  4993 | D:5      | Reached XP level 8. HP: 48/68 MP: 2/11
  5004 | D:5      | Reached skill level 6 in Conjurations
  5285 | D:5      | Gained mutation: You are somewhat resistant to further mutation. [potion of mutation]
  5298 | D:5      | Reached skill level 7 in Conjurations
  5672 | D:5      | Bought a thin glowing staff for 312 gold pieces
  5991 | D:6      | Found a blossoming altar of Fedhas.
  6008 | D:6      | Noticed Eustachio
  6028 | D:6      | Killed Eustachio
  6146 | D:6      | Learned a level 3 spell: Inner Flame
  6192 | D:6      | Reached skill level 5 in Spellcasting
  6322 | D:6      | Noticed Pikel
  6331 | D:6      | Noticed Duvessa
  6335 | D:6      | Killed Pikel
  6335 | D:6      | Reached XP level 9. HP: 44/74 MP: 11/19
  6359 | D:6      | Noticed Dowan
  6362 | D:6      | Killed Duvessa
  6367 | D:6      | Killed Dowan
  6621 | D:6      | Learned a level 5 spell: Fireball
  6888 | D:7      | Found a glowing silver altar of Zin.
  6888 | D:7      | Noticed an angel
  6900 | D:7      | Found a shimmering altar of Xom.
  6915 | D:7      | Found a faded altar of an unknown god.
  6915 | D:7      | Found a deep blue altar of Sif Muna.
  6920 | D:7      | Found a faded altar of an unknown god.
  6922 | D:7      | Found a faded altar of an unknown god.
  6924 | D:7      | Found a faded altar of an unknown god.
  6947 | D:7      | Found a bloodstained altar of Trog.
  7052 | D:7      | Found a shadowy altar of Dithmenos.
  7071 | D:7      | Found a huge runed gate.
  7073 | D:7      | Noticed a polar bear
  7073 | D:7      | Noticed a manticore
  7075 | D:7      | Noticed a polar bear
  7112 | D:7      | Reached skill level 8 in Conjurations
  7190 | D:7      | Found a huge runed gate.
  7190 | D:7      | Found a huge runed gate.
  7190 | D:7      | Found a huge runed gate.
  7191 | D:7      | Noticed a manticore
  7215 | D:7      | Found a staircase to the Ecumenical Temple.
  7284 | Temple   | Entered the Ecumenical Temple
  7423 | Temple   | Became a worshipper of Vehumet
  7439 | D:7      | Got a dazzling dagger
  7440 | D:7      | Identified the +2 dagger of the Heavens {venom, Dex+2} (You found it on level 7 of the Dungeon)
  7497 | D:7      | Noticed a polar bear
  7532 | D:7      | Noticed a polar bear
  7537 | D:7      | Found an opulent altar of Gozag.
  7565 | D:7      | HP: 1/74 [killer bee (8)]
  7565 | D:7      | Slain by a killer bee

Skill      XL: |  1  2  3  4  5  6  7  8  9 |
---------------+----------------------------+-----
Fighting       | 1 2 4 5 |  5.0
Conjurations   | 2 3 5 7 8 |  8.1
Fire Magic     | 4 6 7 |  7.0
Spellcasting   | 7 |  7.8
Dodging        | |  1.7
Stealth        | |  1.7

Action                   |  1- 3 |  4- 6 |  7- 9 || total
-------------------------+-------+-------+-------++-------
Melee: Unarmed           |    21 |       |       ||    21
       Tailslap          |     7 |    12 |    21 ||    40
       Short sword       |    47 |   119 |       ||   166
       Dagger            |       |    68 |   206 ||   274
 Cast: Flame Tongue      |    37 |    65 |    54 ||   156
       Throw Flame       |     1 |     5 |    16 ||    22
       Conjure Flame     |       |     1 |     1 ||     2
       Sticky Flame      |       |       |     7 ||     7
       Fireball          |       |       |     4 ||     4
       Inner Flame       |       |       |     1 ||     1
 Abil: Breathe Dispellin |       |       |     9 ||     9
  Use: Scroll            |     4 |     5 |     7 ||    16
       Potion            |       |     4 |     4 ||     8
 Stab: Sleeping          |     1 |     2 |       ||     3
  Eat: Meat ration       |     1 |       |     2 ||     3
       Bread ration      |       |     1 |     3 ||     4
       Chunk             |       |     1 |     3 ||     4
       Beef jerky        |       |       |     1 ||     1
Armor: Skin              |    28 |    77 |    68 ||   173
Dodge: Dodged            |    63 |   156 |   171 ||   390
